 Dungeon Crawl Stone Soup version 0.24-a0-134-gd0b080c8eb (webtiles) character file.

Game seed: 1343872781034995499

58 Hercules1031 the Cutter (level 4, -1/29 HPs)
             Began as a Kobold Monk on Feb 28, 2019.
             Slain by an orc
             ... wielding a +0 flail
              (9 damage)
             ... on level 3 of the Dungeon.
             The game lasted 00:05:38 (1300 turns).

Hercules1031 the Cutter (Kobold Monk)               Turns: 1300, Time: 00:05:39

Health: -1/29      AC:  4    Str:  8    XL:     4   Next: 21%
Magic:  4/4        EV: 16    Int: 11    God:
Gold:   132        SH:  0    Dex: 18    Spells: 3/3 levels left

rFire    x . .     SeeInvis .   a - +0 short sword
rCold    + . .     Gourm    .   (shield restricted)
rNeg     . . .     Faith    .   f - +0 leather armour
rPois    .         Spirit   .   g - +0 helmet
rElec    .         Reflect  .   (no cloak)
rCorr    .         Harm     .   (no gloves)
MR       .....                  (no boots)
Stlth    +++.......             (no amulet)
HPRegen  0.09/turn              i - ring of flight
MPRegen  0.09/turn              j - ring of ice

@: no status effects
A: small, carnivore
a: Evoke Flight


You were on level 3 of the Dungeon.
You were not hungry.

You visited 1 branch of the dungeon, and saw 3 of its levels.

You collected 132 gold pieces.

Inventory:

Hand Weapons
 a - a +0 short sword (weapon)
Missiles
 e - 7 needles of paralysis
Armour
 b - a +0 robe
 f - a +0 leather armour (worn)
 g - a +0 helmet (worn)
Jewellery
 i - a ring of flight (left hand)
 j - a ring of ice (right hand)
 p - an uncursed ring of fire {unknown}
Scrolls
 k - 3 scrolls of identify
 l - a scroll of random uselessness {unknown}
 n - a scroll of immolation {unknown}
 o - a scroll of enchant weapon {unknown}
Potions
 d - 2 potions of curing {unknown}
 h - a potion of mutation {unknown}
 m - a potion of brilliance {unknown}
Comestibles
 c - 2 rations


   Skills:
 + Level 3.7 Fighting
 + Level 4.4 Short Blades
 + Level 1.1 Throwing
 + Level 4.0 Dodging
 * Level 4.1 Stealth


You had 3 spell levels left.
You didn't know any spells.
Your spell library was empty.

Dungeon Overview and Level Annotations

Branches:
Dungeon (3/15)

Altars:


Innate Abilities, Weirdness & Mutations

You are small and have problems with some larger weapons.
You are carnivorous and can eat meat at any time.


Message History

You hit the orc but do no damage.
The orc is severely wounded.
The orc hits you with a +0 flail.
You hit the orc but do no damage.
The orc is severely wounded.
You closely miss the orc.
The orc is severely wounded.
The orc closely misses you.
You hit the orc.
You kill the orc!
You hit the orc.
The orc is heavily wounded.
You hit the orc.
The orc is almost dead.
The orc hits you with a +0 dagger.
* * * LOW HITPOINT WARNING * * *
You hit the orc.
You kill the orc!
You hit the orc but do no damage. The orc hits you with a +0 flail!
You die...

≈≈≈≈≈ ≈. ♣≈.≈♣ ≈. ≈.≈
♣≈≈≈♣ ≈≈.
≈.≈♣♣♣≈≈≈♣♣♣≈.#
≈.≈≈≈≈≈.≈≈≈≈≈≈.
≈≈≈..≈≈o.......
≈≈≈≈≈≈≈o≈≈≈≈≈.. ♣≈@≈♣
≈# ≈≈ ♣≈)≈♣ ♣≈≈# #
≈≈≈♣♣♣≈.≈♣♣♣≈≈# #
≈≈≈≈≈≈≈≈≈≈≈≈≈.## #
≈≈..≈%...≈≈≈≈≈.## #
.##.###.###.....## ##
... #.##.......## ##.
.#. #...........####..
.......+.........'.....


You could see 2 orcs.

Vanquished Creatures
  2 adders
  A dart slug (D:1)
  2 leopard geckos (D:2)
  3 orcs (D:3)
  2 bats
  4 giant cockroaches
  3 goblins
  3 hobgoblins
  A jackal (D:3)
  2 frilled lizards
  5 kobolds
  4 rats
32 creatures vanquished.

Notes
Turn   | Place    | Note
-------+----------+-------------------------------------------
     0 | D:1      | Hercules1031 the Kobold Monk began the quest for the Orb.
     0 | D:1      | Reached XP level 1. HP: 14/14 MP: 1/1
   117 | D:1      | Reached XP level 2. HP: 19/19 MP: 2/2
   147 | D:1      | You fall through a shaft!
   280 | D:2      | Reached XP level 3. HP: 17/23 MP: 3/3
  1272 | D:3      | Reached skill level 1 in Throwing
  1272 | D:3      | Reached XP level 4. HP: 22/29 MP: 4/4
  1300 | D:3      | Slain by an orc

Levels and vault maps discovered:
D:1:      zaba_arrival_water, layout_loops_ring
D:2:      layout_basic, first_ration, dk_noncrumbling_3
D:3:      layout_loops_corners, kennysheep_boxes

Skill      XL: |  1  2  3 |
---------------+----------+-----
Stealth        | 3 4 |  4.1
Dodging        | 4 |  4.0
Throwing       | 1 |  1.1
Fighting       | |  3.7
Short Blades   | |  4.4

Action                   |  1- 3 |  4- 6 || total
-------------------------+-------+-------++-------
Melee: Short sword       |    94 |    26 ||   120
  Use: Scroll            |     2 |       ||     2
 Stab: Sleeping          |     7 |       ||     7
       Distracted        |     1 |       ||     1
  Eat: Ration            |     2 |       ||     2
Armor: Robe              |     2 |       ||     2
       Leather armour    |     9 |     2 ||    11
Dodge: Dodged            |    63 |    16 ||    79

Table legend:
 A = Non-vault XP
 B = Vault XP
 C = Vault XP percentage of total XP
 D = Non-vault monster count
 E = Vault monster count
 F = Vault count percentage of total count
                 A         B        C        D         E       F
            +---------+---------+-------+---------+---------+-------
      Total |      84 |       0 |   0.0 |      32 |       0 |   0.0
            +---------+---------+-------+---------+---------+-------
        D:1 |      20 |       0 |   0.0 |      12 |       0 |   0.0
        D:2 |      34 |       0 |   0.0 |      12 |       0 |   0.0
        D:3 |      30 |       0 |   0.0 |       8 |       0 |   0.0
            +---------+---------+-------+---------+---------+-------
